 Dungeon Sprint DCSS version 0.21.1-1-g345015f (webtiles) character file.

8800000 Fang the Axe Maniac (level 27, -62/273 HPs)
             Began as a Minotaur Gladiator on May 10, 2018.
             Was the Champion of Makhleb.
             Killed from afar by a wretched soul (126 damage)
             ... with a bolt of negative energy
             ... in the Dungeon (Sprint VIII: "Arena of Blood").
             The game lasted 00:01:02 (88 turns).

Fang the Axe Maniac (Minotaur Gladiator)              Turns: 88, Time: 00:01:03

Health: -62/273    AC:  6    Str: 30    XL:     27
Magic:  33/53      EV: 30    Int:  5    God:    Makhleb [******]
Gold:   0          SH:  0    Dex: 14    Spells: 80/80 levels left

rFire    . . .     SeeInvis .   l - +∞ Axe of Woe
rCold    . . .     Gourm    .   (shield currently unavailable)
rNeg     . . .     Faith    .   b - +0 leather armour
rPois    .         Spirit   .   c - +0 hat
rElec    .         Reflect  .   (no cloak)
rCorr    .         Harm     .   (no gloves)
MR       ++...     NoTele   +   (no boots)
Stlth    +++++++++.             (no amulet)
HPRegen  0.55/turn              (no ring)
MPRegen  0.33/turn              (no ring)

@: drained
A: retaliatory headbutt, horns 2
a: Minor Destruction, Lesser Servant of Makhleb, Major Destruction, Greater
Servant of Makhleb, Renounce Religion


You were in the Dungeon.
You worshipped Makhleb.
Makhleb was exalted by your worship.
You were not hungry.

You visited 1 branch

Inventory:

Hand Weapons
 a - a +0 war axe
 l - the +∞ Axe of Woe (weapon)
   (You found it in the Dungeon)
Missiles
 d - 3 throwing nets (quivered)
Armour
 b - a +0 leather armour (worn)
 c - a +0 hat (worn)
Scrolls
 k - a scroll of blinking
Potions
 e - a potion of curing
 g - a potion of heal wounds
 h - a potion of haste
 i - 2 potions of magic
 j - a potion of berserk rage
Comestibles
 f - a ration


   Skills:
 O Level 27(25.5) Fighting
 O Level 27(25.5) Axes
 O Level 27(25.5) Throwing
 O Level 27(25.5) Armour
 O Level 27(25.5) Dodging
 O Level 27(25.5) Stealth
 O Level 27(25.5) Unarmed Combat
 O Level 27(25.5) Spellcasting
 O Level 27(25.5) Invocations


You had 80 spell levels left.
You didn't know any spells.

Dungeon Overview and Level Annotations

Branches:
Dungeon (1/1)

Altars:
Makhleb


Innate Abilities, Weirdness & Mutations

You reflexively headbutt those who attack you in melee.
You have a pair of horns on your head.


Message History

* * * LOW HITPOINT WARNING * * *
The accursed is engulfed in blazing flames.
The accursed points at you and mumbles some strange words.
Something smites you!
* * * LOW HITPOINT WARNING * * *
You hear a shout!
A bag of meat comes into view. It is wielding a +9 war axe.
You slash the small abomination!
You pulverise the small abomination into a thin bloody mist.
You destroy the small abomination!
Makhleb accepts your kill.
You feel better.
Your life force feels restored.
You are engulfed in blazing flames.
* * * LOW HITPOINT WARNING * * *
You hear a shout!
The bag of meat is engulfed in blazing flames.
A bolt of negative energy appears from out of thin air!
The bolt of negative energy hits you!
You feel drained.
You die...

....#....%.....#%#.
oO..#.......%.%....
###o..#....%........
#.....%#......%....%
....o.....)%).......
#..xM....))§§......
..#..o...))#§§...%.#
...M.#z§§..#))..%..#
.#.ooO§@###)......###.
....oxo§§))%.)###......
.%.%ox#M..x))))_..%...
....#..oo...#))...#..
##W..oo.....#_.<._#
...o#.z....D#.)...# .
....#.....%.%_......
.............###......
....###... ..###.


You could see 3 accurseds, an eight-headed meat hydra, 2 sculptors of flesh, a
dread, 2 meat berserkers, a small abomination, 12 bags of meat and 3 crawling
corpses.

Vanquished Creatures
  8 hell beasts (D)
  A greater mummy (D)
  10 vampire knights (D)
  28 ogres (D)
  8 two-headed ogres (D)
  2 liches (D)
  48 orcs (D)
  A phantom (D)
  2 skeletal warriors (D)
  4 large abominations (D)
  A small abomination (D)
  6 crawling corpses (D)
119 creatures vanquished.

Notes
Turn   | Place    | Note
-------+----------+-------------------------------------------
     0 | D        | Found the +∞ Axe of Woe
     0 | D        | Fang the Minotaur Gladiator began the quest for the Orb.
     0 | D        | Reached XP level 1. HP: 18/18 MP: 0/0
     4 | D        | Became a worshipper of Makhleb the Destroyer
     5 | D        | Noticed a meat berserker
     6 | D        | Noticed a bag of meat
     6 | D        | Noticed a bag of meat
     7 | D        | Noticed a bag of meat
     8 | D        | Noticed a meat berserker
     8 | D        | Killed a meat berserker
     8 | D        | Reached XP level 2. HP: 45/45 MP: 1/1
     8 | D        | Reached XP level 3. HP: 51/51 MP: 2/2
     8 | D        | Reached XP level 4. HP: 59/59 MP: 3/3
     8 | D        | Reached XP level 5. HP: 66/66 MP: 4/4
     8 | D        | Reached XP level 6. HP: 73/73 MP: 5/5
     8 | D        | Reached XP level 7. HP: 80/80 MP: 6/6
     8 | D        | Reached XP level 8. HP: 88/88 MP: 7/7
     8 | D        | Reached XP level 9. HP: 94/94 MP: 8/8
     8 | D        | Reached XP level 10. HP: 102/102 MP: 9/9
     8 | D        | Reached XP level 11. HP: 108/108 MP: 10/10
     8 | D        | Reached XP level 12. HP: 116/116 MP: 11/11
     8 | D        | Reached XP level 13. HP: 123/123 MP: 12/12
     9 | D        | Noticed a bag of meat
     9 | D        | Noticed a meat berserker
     9 | D        | Noticed a meat berserker
     9 | D        | Killed a meat berserker
     9 | D        | Reached * piety under Makhleb
     9 | D        | Reached skill level 27 in Axes
     9 | D        | Reached XP level 14. HP: 137/137 MP: 13/13
     9 | D        | Killed a bag of meat
    10 | D        | Noticed a bag of meat
    10 | D        | Noticed a bag of meat
    10 | D        | Noticed a bag of meat
    11 | D        | Noticed a meat berserker
    11 | D        | Killed a meat berserker
    11 | D        | Reached skill level 27 in Dodging
    11 | D        | Reached XP level 15. HP: 163/163 MP: 14/14
    12 | D        | Noticed a meat berserker
    13 | D        | Reached ** piety under Makhleb
    13 | D        | Reached skill level 27 in Fighting
    13 | D        | Reached XP level 16. HP: 183/183 MP: 15/15
    15 | D        | Noticed a meat berserker
    15 | D        | Killed a meat berserker
    15 | D        | Reached *** piety under Makhleb
    15 | D        | Reached skill level 27 in Throwing
    15 | D        | Reached XP level 17. HP: 191/191 MP: 16/16
    16 | D        | Killed a meat berserker
    16 | D        | Reached skill level 10 in Stealth
    16 | D        | Reached skill level 15 in Armour
    16 | D        | Reached **** piety under Makhleb
    16 | D        | Reached skill level 15 in Unarmed Combat
    16 | D        | Reached skill level 10 in Spellcasting
    16 | D        | Reached XP level 18. HP: 200/200 MP: 16/31
    17 | D        | Killed a meat berserker
    17 | D        | Reached skill level 15 in Stealth
    19 | D        | Killed a meat berserker
    19 | D        | Reached XP level 19. HP: 207/207 MP: 16/36
    20 | D        | Noticed a meat berserker
    20 | D        | Noticed a meat berserker
    21 | D        | Reached ***** piety under Makhleb
    21 | D        | Reached skill level 15 in Spellcasting
    23 | D        | Noticed a large bag of meat
    25 | D        | Killed a meat berserker
    25 | D        | Reached XP level 20. HP: 216/216 MP: 17/40
    25 | D        | Killed a meat berserker
    25 | D        | Reached skill level 27 in Armour
    26 | D        | Noticed a meat berserker
    26 | D        | Noticed a meat berserker
    27 | D        | Noticed a large bag of meat
    28 | D        | Noticed a meat berserker
    28 | D        | Noticed a large bag of meat
    29 | D        | Killed a large bag of meat
    29 | D        | Reached skill level 27 in Unarmed Combat
    29 | D        | Reached XP level 21. HP: 176/224 MP: 18/43
    30 | D        | Reached ****** piety under Makhleb
    30 | D        | Reached skill level 27 in Invocations
    31 | D        | Noticed a destroyer
    31 | D        | Reached skill level 27 in Stealth
    31 | D        | Killed a large bag of meat
    32 | D        | Reached skill level 27 in Spellcasting
    32 | D        | Reached XP level 22. HP: 233/233 MP: 19/52
    35 | D        | Noticed a large bag of meat
    36 | D        | Killed a large bag of meat
    36 | D        | Reached XP level 23. HP: 240/240 MP: 20/53
    40 | D        | Killed a destroyer
    40 | D        | Reached XP level 24. HP: 249/249 MP: 21/53
    41 | D        | Noticed a destroyer
    42 | D        | Noticed a large bag of meat
    43 | D        | Killed a destroyer
    43 | D        | Reached XP level 25. HP: 257/257 MP: 22/53
    44 | D        | Noticed a destroyer
    44 | D        | Noticed a destroyer
    46 | D        | Killed a large bag of meat
    48 | D        | Reached XP level 26. HP: 266/266 MP: 23/53
    50 | D        | Noticed a destroyer
    50 | D        | Noticed a destroyer
    50 | D        | Killed a large bag of meat
    51 | D        | Killed a destroyer
    51 | D        | Reached XP level 27. HP: 273/273 MP: 24/53
    52 | D        | Killed a destroyer
    53 | D        | Noticed a destroyer
    53 | D        | Noticed a destroyer
    55 | D        | Killed a destroyer
    55 | D        | Killed a destroyer
    56 | D        | Killed a destroyer
    58 | D        | Noticed a destroyer
    59 | D        | Noticed a large bag of meat
    59 | D        | Killed a destroyer
    61 | D        | Noticed a destroyer
    62 | D        | Killed a destroyer
    63 | D        | Noticed a meat beast
    63 | D        | Noticed a tyrant
    64 | D        | Killed a meat beast
    64 | D        | Killed a destroyer
    65 | D        | Noticed a meat beast
    67 | D        | Noticed a meat beast
    68 | D        | Killed a meat beast
    69 | D        | Killed a large bag of meat
    70 | D        | Noticed an accursed
    70 | D        | Noticed an accursed
    71 | D        | Noticed an accursed
    71 | D        | Noticed a meat beast
    71 | D        | Noticed a large bag of meat
    71 | D        | Killed a tyrant
    71 | D        | Killed a meat beast
    73 | D        | Noticed a meat beast
    73 | D        | Killed an accursed
    74 | D        | Killed a meat beast
    74 | D        | Killed a meat beast
    74 | D        | Noticed a large bag of meat
    75 | D        | Noticed a tyrant
    75 | D        | Noticed an accursed
    76 | D        | Killed a tyrant
    78 | D        | Noticed a meat beast
    79 | D        | Noticed a meat beast
    80 | D        | Noticed a meat beast
    81 | D        | Noticed an accursed
    81 | D        | Killed a meat beast
    81 | D        | Killed a large bag of meat
    82 | D        | Killed a meat beast
    84 | D        | Killed a meat beast
    86 | D        | Killed a large bag of meat
    87 | D        | Noticed a dread
    88 | D        | Killed from afar by a wretched soul

Skill      XL: |  1  2  3  4  5  6  7  8  9 10 11 12 13 14 15 16 17 18 19 20 21 |
---------------+----------------------------------------------------------------+-----
Fighting       | 13 16 23 27 | 27.0
Axes           | 23 27 | 27.0
Throwing       | 11 13 18 21 27 | 27.0
Dodging        | 21 24 27 | 27.0
Armour         | 16 22 26 27 | 27.0
Stealth        | 13 18 21 24 27 | 27.0
Unarmed Combat | 15 20 25 27 | 27.0
Spellcasting   | 10 14 17 19 27 | 27.0
Invocations    | 14 19 23 26 27 | 27.0

Action                   |  1- 3 |  4- 6 |  7- 9 | 10-12 | 13-15 | 16-18 | 19-21 | 22-24 | 25-27 || total
-------------------------+-------+-------+-------+-------+-------+-------+-------+-------+-------++-------
Melee: Executioner's axe |     1 |       |       |       |     3 |     5 |     7 |    10 |    34 ||    60
Armor: Leather armour    |       |       |       |       |       |       |       |       |     2 ||     2
Dodge: Dodged            |       |       |       |       |     2 |       |     2 |       |     9 ||    13
